 Dungeon Crawl Stone Soup version 0.29-a0-923-g6e406bff71 (webtiles) character file.

Game seed: 6900367754064573916

61 ptdevnull the Insei (level 4, -5/29 HPs)
             Began as an Octopode Transmuter on July 27, 2022.
             Killed by nerve-wracking pain
             ... invoked by an orc priest
              (14 damage)
             ... on level 3 of the Dungeon.
             The game lasted 00:02:43 (2516 turns).

ptdevnull the Insei (Octopode Transmuter)           Turns: 2516, Time: 00:02:44

Health: -5/29      AC:  1    Str:  9    XL:     4   Next: 7%
Magic:  6/7        EV: 13    Int: 15    God:
Gold:   198        SH:  0    Dex: 14    Spells: 4/8 levels left

rFire   . . .      SeeInvis .     - Unarmed
rCold   . . .      Faith    .   (no shield)
rNeg    . . .      Spirit   .   (helmet currently unavailable)
rPois   .          Reflect  .   (no amulet)
rElec   .          Harm     .   (no ring)
rCorr   .          Rampage  .   (no ring)
Will    .....                   (no ring)
Stlth   ++........              (no ring)
HPRegen 0.09/turn               (no ring)
MPRegen 0.10/turn               (no ring)
                                (no ring)
                                (no ring)

@: appendages (expiring)
A: tentacle spike 3, almost no armour, amphibious, 8 rings, camouflage 1,
gelatinous body 1, (nimble swimmer 1), tentacles
a: End Transformation


You were on level 3 of the Dungeon.
One of your tentacles had grown a beastly spike.
You visited 1 branch of the dungeon, and saw 3 of its levels.

You collected 198 gold pieces.

Inventory:

Hand Weapons
 g - a +2 dagger of venom
Scrolls
 b - 3 scrolls of magic mapping {unknown}
 c - 2 scrolls of identify {unknown}
 d - a scroll of poison {unknown}
 f - 2 scrolls of teleportation {unknown}
Potions
 a - 2 potions of lignification
 e - a potion of flight {unknown}


   Skills:
 - Level 1.7 Fighting
 - Level 2.0 Dodging
 - Level 3.4 Unarmed Combat
 + Level 2.6 Spellcasting
 + Level 2.8 Transmutations


You had 4 spell levels left.
You knew the following spells:

 Your Spells              Type           Power      Damage    Failure   Level
a - Beastly Appendage     Tmut           20%        N/A       6%          1
b - Spider Form           Tmut/Pois      6%         N/A       34%         3

Your spell library contained the following spells:

 Spells                   Type           Power      Damage    Failure   Level
 Wereblood                Tmut           10%        N/A       10%         2
 Gell's Gravitas          Tloc           1%         N/A       54%         3
 Lesser Beckoning         Tloc           1%         N/A       54%         3
 Teleport Other           Tloc           1%         N/A       54%         3
 Ice Form                 Ice/Tmut       6%         N/A       75%         4


Dungeon Overview and Level Annotations

Branches:
Dungeon (3/15)

Altars:
Nemelex Xobeh
Sif Muna


Innate Abilities, Weirdness & Mutations

One of your tentacles has grown a beastly spike.
You cannot wear most types of armour.
You are amphibious.
You can wear up to eight rings at the same time.
Your skin changes colour to match your surroundings (Stealth+).
Your rubbery body absorbs attacks. (AC +1, EV +1)
((You are camouflaged when in or above water. (Stealth+)))
You have tentacles for arms and can constrict up to eight enemies at once.


Message History

Your tentacle spike disappears.
Magic restored.
You see here a +2 dagger of venom.
Things that are here:
a +0 dagger; 4 stones; a kobold corpse A rat comes into view.
Search for what [? for help]? dagger You see here a +2 dagger of venom.
g - a +2 dagger of venom
Things that are here:
a +0 dagger; 4 stones; a kobold corpse 2 orcs come into view.
An orc is wielding a +2 vorpal hand axe.
An orc priest comes into view. It is wielding a +0 short sword.
The orc priest shouts!
The orc shouts!
The orc priest invokes the aid of Beogh against you.
Beogh smites you!
The orc priest looks satisfied for a moment.
One of your tentacles grows a vicious spike.
You tentacle-slap the orc. You grab the orc.
You pierce the orc.
The orc is almost dead.
You constrict the orc.
You kill the orc!
No target in view!
Things that are here:
a +0 club; an orc corpse You tentacle-slap the orc priest.
You grab the orc priest.
You pierce the orc priest.
You squeeze the orc priest.
The orc priest is severely wounded.
You constrict the orc priest.
The orc priest invokes the aid of Beogh against you.
Pain shoots through your body!
You tentacle-slap the orc priest but do no damage.
You squeeze the orc priest.
The orc priest is almost dead.
Your transformation is almost over.
You constrict the orc priest.
The orc priest calls down the wrath of Beogh upon you.
Pain shoots through your body!
You die...

#.# #.# #.#####.#
#....##.# #....##.####
#....##....####
#....##.##.....
#.#######....##.#######
#####............##.#
#.....####@.........#
#.....####o#######.##
#....o.....# #.##
#o.....##### #..#
......# #..# ......
#..## #.... #..†####
#.... #.#....### #...
#.........


You could see an orc priest.

Vanquished Creatures
  2 adders (D:3)
  An orc (D:3)
  2 ball pythons
  3 endoplasms
  3 giant cockroaches
  3 goblins
  A hobgoblin (D:1)
  10 jackals (D:2)
  4 kobolds
  3 bats
  3 frilled lizards
  3 rats
38 creatures vanquished.

Notes
Turn   | Place    | Note
-------+----------+-------------------------------------------
     0 | D:1      | ptdevnull the Octopode Transmuter began the quest for the
                  | Orb.
     0 | D:1      | Reached XP level 1. HP: 13/13 MP: 3/3
   499 | D:1      | Reached XP level 2. HP: 15/18 MP: 5/5
  1409 | D:2      | Reached XP level 3. HP: 23/23 MP: 6/6
  1593 | D:2      | Found a faded altar of an unknown god.
  2243 | D:3      | Learned a level 3 spell: Spider Form
  2249 | D:3      | Found a sparkling altar of Nemelex Xobeh.
  2252 | D:3      | Found a shimmering blue altar of Sif Muna.
  2371 | D:3      | Reached XP level 4. HP: 27/29 MP: 5/7
  2516 | D:3      | Killed from afar by an orc priest

Illustrated notes

Levels and vault maps discovered:
D:1:      scummos_arrival_checkerplants, layout_basic, dreamdust_wishing_well,
          chequers_serial_rivers_large_a, grunt_decor_one_mirror,
          minmay_worlds_worst_comb
D:2:      layout_basic, shapermc_ecumenical_altar_gd
D:3:      layout_rooms, nicolae_overflow_hidden_temple,
          minmay_randomly_rotated_circles

Action                   |  1- 3 |  4- 6 || total
-------------------------+-------+-------++-------
Melee: Unarmed           |   102 |     3 ||   105
       Constrict         |    31 |     2 ||    33
       Tentacles         |    15 |     2 ||    17
       Punch             |     3 |       ||     3
       Kick              |     1 |     2 ||     3
 Cast: Beastly Appendage |     1 |     1 ||     2
 Stab: Sleeping          |    11 |       ||    11
Armor: Skin              |    11 |       ||    11
Dodge: Dodged            |    67 |       ||    67

Table legend: (Time is in decaauts)
 A = Elapsed time spent in this place.
 B = Non-inter-level travel time spent in this place.
 C = Inter-level travel time spent in this place.
 D = Time resting spent in this place.
 E = Time spent auto-exploring this place.
 F = Levels seen in this place.
 G = Mean time per level.
                   A        B        C        D        E       F      G
               +--------+--------+--------+--------+--------+-----+--------+
         Total |   2509 |   2406 |    103 |      0 |   2140 |   3 |  836.3 |
       Dungeon |   2509 |   2406 |    103 |      0 |   2140 |   3 |  836.3 |
               +--------+--------+--------+--------+--------+-----+--------+

Top non-repeatable levels by time:
     D:2: 1124 daAuts
     D:1: 1010 daAuts
     D:3: 374 daAuts
